TOP OF THE 1ST |
---|
St Charles Sheens batting - Pitching for Greenville 84s : LHP Dwight Livingston | Pitching: LHP Dwight Livingston | | Batting: RHB Miguel Palácios | 0-0: Foul Ball, location: 2F 0-1: Ball 1-1: Ball 2-1: Foul Ball, location: 2F 2-2: Foul Ball, location: 2F 2-2: Fly out, F9 (Flyball, 9) | Batting: RHB Víctor Arredondo | 0-0: Ball 1-0: Called Strike 1-1: Foul Ball, location: 2F 1-2: Reached on error, E5 (Groundball, 56) | Batting: LHB Larry Howard | 0-0: Foul Ball, location: 2F 0-1: DOUBLE (Groundball, 3L) Víctor Arredondo to third | Batting: RHB Max Rash | 0-0: Foul Ball, location: 2F 0-1: Called Strike 0-2: Foul Ball, location: 2F 0-2: Ball 1-2: TRIPLE (Flyball, 8LXD) Víctor Arredondo scores Larry Howard scores | Batting: RHB Dan Tyler | 0-0: Called Strike 0-1: Swinging Strike 0-2: 2-RUN HOME RUN (Flyball, 9D), Distance : 400 ft | Batting: RHB Miguel Encarnación | 0-0: Called Strike 0-1: Foul Ball, location: 2F 0-2: Ball 1-2: Fly out, F6 (Line Drive, 56) | Batting: RHB Judson Backstrom | 0-0: Ball 1-0: Ball 2-0: Ball 3-0: Called Strike 3-1: SOLO HOME RUN (Flyball, 7D), Distance : 384 ft | Batting: RHB Walton Smith | 0-0: Foul Ball, location: 2F 0-1: Ball 1-1: Ball 2-1: Foul Ball, location: 2F 2-2: Strikes out swinging | Top of the 1st over - 5 runs, 4 hits, 1 error, 0 left on base; St Charles 5 - Greenville 0 | BOTTOM OF THE 1ST |
---|
Greenville 84s batting - Pitching for St Charles Sheens : LHP Gianluigi Ciottone | Pitching: LHP Gianluigi Ciottone | | Batting: RHB Carlos Torres | 0-0: SOLO HOME RUN (Line Drive, 7D), Distance : 377 ft | Batting: LHB Paco Rosas | 0-0: Ball 1-0: Ball 2-0: Foul Ball, location: 2F 2-1: Ball 3-1: Base on Balls | Batting: RHB Enzo Díaz | 0-0: Ball 1-0: Ball 2-0: Ball 3-0: Called Strike 3-1: Base on Balls Paco Rosas to second | Batting: LHB Juan Cortés | 0-0: Ball 1-0: Ball 2-0: Called Strike 2-1: Swinging Strike 2-2: Ball 3-2: Foul Ball, location: 2F 3-2: Base on Balls Paco Rosas to third Enzo Díaz to second | Batting: LHB Brock Larsen | 0-0: Ball 1-0: Ball 2-0: Fly out, F9 (Flyball, 89S) | Batting: LHB Jimmy Vickers | 0-0: Called Strike 0-1: Fly out, F8 (Flyball, 8RM) Runner from 3rd tags up, SCORES, no throw | Batting: RHB Robert Buckley | 0-0: Ball 1-0: Called Strike 1-1: Ball 2-1: Swinging Strike 2-2: Ground out 6-3 (Groundball, 6M) | Bottom of the 1st over - 2 runs, 1 hit, 0 errors, 2 left on base; St Charles 5 - Greenville 2 | TOP OF THE 2ND |
---|
St Charles Sheens batting - Pitching for Greenville 84s : LHP Dwight Livingston | Batting: LHB Jason Lambert | 0-0: Called Strike 0-1: Ball 1-1: Swinging Strike 1-2: Ball 2-2: Ball 3-2: Base on Balls | Batting: RHB Miguel Palácios | 0-0: Ball 1-0: Ball 2-0: Foul Ball, location: 2F 2-1: Ball 3-1: Base on Balls Jason Lambert to second | Batting: RHB Víctor Arredondo | 0-0: Ball 1-0: Ground out 5-3 (Groundball, 5S) Jason Lambert to third Miguel Palácios to second | Batting: LHB Larry Howard | 0-0: DOUBLE (Flyball, 78D) Jason Lambert scores Miguel Palácios scores | Batting: RHB Max Rash | 0-0: Called Strike 0-1: Ball 1-1: Foul Ball, location: 2F 1-2: Ball 2-2: Strikes out looking | Batting: RHB Dan Tyler | 0-0: DOUBLE (Line Drive, 9LD) Larry Howard scores | Pitching: RHP Ricardo Quiñones | | Batting: RHB Miguel Encarnación | 0-0: Ball 1-0: Called Strike 1-1: Called Strike 1-2: Ball 2-2: Foul Ball, location: 2F 2-2: Foul Ball, location: 2F 2-2: Ground out 6-3 (Groundball, 6) | Top of the 2nd over - 3 runs, 2 hits, 0 errors, 1 left on base; St Charles 8 - Greenville 2 | BOTTOM OF THE 2ND |
---|
Greenville 84s batting - Pitching for St Charles Sheens : LHP Gianluigi Ciottone | Batting: RHB Casey Fox | 0-0: Called Strike 0-1: Ball 1-1: Ground out 5-3 (Groundball, 56S) | Batting: LHB Chris Moore | 0-0: Ball 1-0: Called Strike 1-1: Ball 2-1: Foul Ball, location: 2F 2-2: Strikes out swinging | Batting: RHB Carlos Torres | 0-0: SINGLE (Groundball, 34D) | Batting: LHB Paco Rosas | 0-0: SINGLE (Groundball, 34D) Carlos Torres to second Runner from 2nd tries for 3rd, SAFE, no throw | Batting: RHB Enzo Díaz | 0-0: Ball 1-0: Ball 2-0: Foul Ball, location: 2F 2-1: SINGLE (Flyball, 7S) Carlos Torres scores Paco Rosas to second | Batting: LHB Juan Cortés | 0-0: Foul Ball, location: 2F 0-1: Called Strike 0-2: 3-RUN HOME RUN (Flyball, 89XD), Distance : 438 ft | Batting: LHB Brock Larsen | 0-0: Foul Ball, location: 2F 0-1: Ball 1-1: Called Strike 1-2: Ground out 6-3 (Groundball, 6) | Bottom of the 2nd over - 4 runs, 4 hits, 0 errors, 0 left on base; St Charles 8 - Greenville 6 | TOP OF THE 3RD |
---|
St Charles Sheens batting - Pitching for Greenville 84s : RHP Ricardo Quiñones | Batting: RHB Judson Backstrom | 0-0: Ball 1-0: Ground out 5-3 (Groundball, 56S) | Batting: RHB Walton Smith | 0-0: Ball 1-0: Ball 2-0: Foul Ball, location: 2F 2-1: Fly out, F8 (Line Drive, 78M) | Batting: LHB Jason Lambert | 0-0: Fly out, F8 (Flyball, 8LM) | Top of the 3rd over - 0 runs, 0 hits, 0 errors, 0 left on base; St Charles 8 - Greenville 6 | BOTTOM OF THE 3RD |
---|
Greenville 84s batting - Pitching for St Charles Sheens : LHP Gianluigi Ciottone | Batting: LHB Jimmy Vickers | 0-0: Foul Ball, location: 2F 0-1: Ball 1-1: Called Strike 1-2: Foul Ball, location: 2F 1-2: Ball 2-2: Ball 3-2: Ground out 5-3 (Groundball, 5) | Batting: RHB Robert Buckley | 0-0: Called Strike 0-1: Called Strike 0-2: Strikes out swinging | Batting: RHB Casey Fox | 0-0: Ball 1-0: Swinging Strike 1-1: Ball 2-1: Ball 3-1: Foul Ball, location: 2F 3-2: Base on Balls | Batting: LHB Chris Moore | 0-0: Ball 1-0: Ball 2-0: Called Strike 2-1: Foul Ball, location: 2F 2-2: Ball Casey Fox steals 2nd base 3-2: Foul Ball, location: 2F 3-2: Foul Ball, location: 2F 3-2: Base on Balls | Batting: RHB Carlos Torres | 0-0: Ball 1-0: Foul Ball, location: 2F 1-1: Ball 2-1: Foul Ball, location: 2F 2-2: Ball 3-2: Foul Ball, location: 2F 3-2: DOUBLE (Line Drive, 9D) Casey Fox scores Chris Moore to third Chris Moore scores | Pitching: RHP Bill Chase | | Batting: LHB Paco Rosas | 0-0: Ball 1-0: Ball 2-0: Ball 3-0: Called Strike 3-1: Foul Ball, location: 2F 3-2: Base on Balls | Batting: RHB Enzo Díaz | 0-0: Ball 1-0: Ball Wild Pitch! Carlos Torres to third Paco Rosas to second 2-0: Called Strike 2-1: Ball 3-1: Base on Balls | Batting: LHB Juan Cortés | 0-0: DOUBLE (Flyball, 8LXD) Carlos Torres scores Paco Rosas scores Enzo Díaz to third Runner from 3rd tries for Home, throw and OUT! | Bottom of the 3rd over - 4 runs, 2 hits, 0 errors, 1 left on base; St Charles 8 - Greenville 10 | TOP OF THE 4TH |
---|
St Charles Sheens batting - Pitching for Greenville 84s : RHP Ricardo Quiñones | Batting: RHB Miguel Palácios | 0-0: Ball 1-0: Foul Ball, location: 2F 1-1: Called Strike 1-2: SINGLE (Flyball, 4MD) | Batting: RHB Víctor Arredondo | 0-0: Ball 1-0: SINGLE (Flyball, 7LS) Miguel Palácios to second Runner from 2nd tries for 3rd, SAFE, throw made to third | Batting: LHB Larry Howard | 0-0: Called Strike 0-1: Fly out, F9 (Flyball, 9S) | Batting: RHB Max Rash | 0-0: Ball 1-0: SINGLE (Flyball, 8LS) Miguel Palácios scores Víctor Arredondo to second Runner from 2nd tries for 3rd, SAFE, throw made to third | Batting: RHB Dan Tyler | 0-0: Swinging Strike 0-1: Foul Ball, location: 2F 0-2: Ball 1-2: Ball 2-2: Ball Max Rash is caught stealing 2nd base 3-2: Fly out, F7 (Flyball, 78M) | Top of the 4th over - 1 run, 3 hits, 0 errors, 1 left on base; St Charles 9 - Greenville 10 | BOTTOM OF THE 4TH |
---|
Greenville 84s batting - Pitching for St Charles Sheens : RHP Bill Chase | Batting: LHB Brock Larsen | 0-0: Ball 1-0: Ball 2-0: Ball 3-0: Called Strike 3-1: Base on Balls | Batting: LHB Jimmy Vickers | 0-0: 2-RUN HOME RUN (Flyball, 7D), Distance : 383 ft | Batting: RHB Robert Buckley | 0-0: Ball 1-0: Called Strike 1-1: Called Strike 1-2: Ball 2-2: Foul Ball, location: 2F 2-2: Foul Ball, location: 2F 2-2: Ball 3-2: SINGLE (Line Drive, 7S) | Batting: RHB Casey Fox | 0-0: Ball 1-0: Foul Ball, location: 2F 1-1: Ball 2-1: Swinging Strike 2-2: Foul Ball, location: 2F 2-2: Grounds into double play, 6-4-3 (Groundball, 6) | Batting: LHB Chris Moore | 0-0: Swinging Strike 0-1: Ground out 5-3 (Groundball, 56) | Bottom of the 4th over - 2 runs, 2 hits, 0 errors, 0 left on base; St Charles 9 - Greenville 12 | TOP OF THE 5TH |
---|
St Charles Sheens batting - Pitching for Greenville 84s : RHP Ricardo Quiñones | Batting: RHB Miguel Encarnación | 0-0: DOUBLE (Line Drive, 89D) | Batting: RHB Judson Backstrom | 0-0: Ball 1-0: Ball 2-0: Ball 3-0: Base on Balls | Batting: RHB Walton Smith | 0-0: Ball 1-0: Ball 2-0: Called Strike 2-1: Foul Ball, location: 2F 2-2: Foul Ball, location: 2F 2-2: Ball 3-2: Foul Ball, location: 2F 3-2: Foul Ball, location: 2F 3-2: Foul Ball, location: 2F 3-2: Foul Ball, location: 2F 3-2: Foul Ball, location: 2F 3-2: Base on Balls Miguel Encarnación to third Judson Backstrom to second | Batting: LHB Jason Lambert | 0-0: Ball 1-0: Ball 2-0: Fly out, F6 (Line Drive, 6) | Pinch Hitting: LHB Benny Richard | 0-0: Grounds into fielders choice 1-2 (Groundball, P) Judson Backstrom to third Walton Smith to second | Pinch Hitting: RHB Jesús Hernández | 0-0: Swinging Strike 0-1: Ball 1-1: Fielders Choice at 2nd, 5-4 (Groundball, 56) | Top of the 5th over - 0 runs, 1 hit, 0 errors, 3 left on base; St Charles 9 - Greenville 12 | BOTTOM OF THE 5TH |
---|
Greenville 84s batting - Pitching for St Charles Sheens : RHP Bill Chase | Now at 2B: Alfredo Hernández | | Now in RF: Jesús Hernández | | Batting: RHB Carlos Torres | 0-0: Called Strike 0-1: Fly out, F8 (Line Drive, 8LXD) | Now in CF: Nick Gamble | | Batting: LHB Paco Rosas | 0-0: Ball 1-0: Ball 2-0: Ball 3-0: Base on Balls | Batting: RHB Enzo Díaz | 0-0: Ball 1-0: Ball 2-0: SINGLE (Groundball, 56D) Paco Rosas to second | Pinch Hitting: RHB Pat Fernández | 0-0: Ball 1-0: Ball 2-0: Ball 3-0: Base on Balls Paco Rosas to third Enzo Díaz to second | Batting: LHB Brock Larsen | 0-0: Ball 1-0: Grounds into double play, 3-2-3 (Groundball, 3) | Bottom of the 5th over - 0 runs, 1 hit, 0 errors, 2 left on base; St Charles 9 - Greenville 12 | TOP OF THE 6TH |
---|
St Charles Sheens batting - Pitching for Greenville 84s : RHP Ricardo Quiñones | Now in RF: José Costa | | Pinch Hitting: RHB Sergio Pujols | 0-0: Foul Ball, location: 2F 0-1: Fly out, F8 (Flyball, 8RS) | Pinch Hitting: LHB Kyle Harrison | 0-0: Swinging Strike 0-1: Foul Ball, location: 2F 0-2: Ball 1-2: Strikes out swinging | Pinch Hitting: RHB Augusto Trevino | 0-0: Swinging Strike 0-1: SINGLE (Line Drive, 34) | Pitching: RHP Claudio Romero | | Pinch Hitting: RHB Rob Brady | 0-0: Ball Augusto Trevino is caught stealing 2nd base | Top of the 6th over - 0 runs, 1 hit, 0 errors, 0 left on base; St Charles 9 - Greenville 12 | BOTTOM OF THE 6TH |
---|
Greenville 84s batting - Pitching for St Charles Sheens : RHP Bill Chase | Pitching: RHP Tom Wallace | | Now at 1B: Mike Martin | | Now at 3B: Sergio Pujols | | Now at SS: Kyle Harrison | | Now in CF: Augusto Trevino | | Batting: LHB Jimmy Vickers | 0-0: Ball 1-0: Fly out, F8 (Flyball, 8LD) | Pinch Hitting: RHB Ramiro Chávez | 0-0: Ball 1-0: Swinging Strike 1-1: Fly out, F6 (Popup, 6M) | Batting: RHB Casey Fox | 0-0: Called Strike 0-1: Ball 1-1: Ground out 4-3 (Groundball, 4) | Bottom of the 6th over - 0 runs, 0 hits, 0 errors, 0 left on base; St Charles 9 - Greenville 12 | TOP OF THE 7TH |
---|
St Charles Sheens batting - Pitching for Greenville 84s : RHP Claudio Romero | Now at 3B: Ramiro Chávez | | Batting: RHB Mike Martin | 0-0: Ball 1-0: Foul Ball, location: 2F 1-1: Swinging Strike 1-2: Ball 2-2: Foul Ball, location: 2F 2-2: Ball 3-2: Foul Ball, location: 2F 3-2: Foul Ball, location: 2F 3-2: Foul Ball, location: 2F 3-2: Foul Ball, location: 2F 3-2: Strikes out looking | Batting: RHB Judson Backstrom | 0-0: Ball 1-0: Ball 2-0: Ball 3-0: Base on Balls | Batting: RHB Walton Smith | 0-0: Ball 1-0: Ball 2-0: Called Strike 2-1: Swinging Strike 2-2: Ball 3-2: Strikes out swinging | Pitching: LHP Sam Kettley | | Batting: LHB Nick Gamble | 0-0: Called Strike 0-1: Ball 1-1: Called Strike 1-2: Fielders Choice at 2nd, 6-4 (Groundball, 6) | Top of the 7th over - 0 runs, 0 hits, 0 errors, 1 left on base; St Charles 9 - Greenville 12 | BOTTOM OF THE 7TH |
---|
Greenville 84s batting - Pitching for St Charles Sheens : RHP Tom Wallace | Batting: RHB Jesús Tisnado | 0-0: Fly out, F8 (Flyball, 8LS) | Batting: RHB Carlos Torres | 0-0: TRIPLE (Line Drive, 7D) | Pitching: LHP Luis Valentín | | Batting: LHB Paco Rosas | 0-0: Ball 1-0: Ball 2-0: Ball 3-0: Called Strike 3-1: Base on Balls | Pitching: RHP Irwin Conway | | Batting: RHB Enzo Díaz | 0-0: Ball 1-0: Foul Ball, location: 2F 1-1: Foul Ball, location: 2F 1-2: Ball 2-2: Foul Ball, location: 2F 2-2: Ball 3-2: Ground out 5-3 (Groundball, 56S) Paco Rosas to second | Batting: LHB José Costa | 0-0: Ball 1-0: Foul Ball, location: 2F 1-1: Swinging Strike 1-2: Ball 2-2: Ball 3-2: Fly out, F7 (Flyball, 7LMF) | Bottom of the 7th over - 0 runs, 1 hit, 0 errors, 2 left on base; St Charles 9 - Greenville 12 | TOP OF THE 8TH |
---|
St Charles Sheens batting - Pitching for Greenville 84s : LHP Sam Kettley | Pitching: RHP Curt Howard | | Batting: RHB Alfredo Hernández | 0-0: Foul Ball, location: 2F 0-1: Ball 1-1: Ball 2-1: Ball 3-1: Base on Balls | Batting: RHB Jesús Hernández | 0-0: Ball 1-0: Called Strike 1-1: Ball 2-1: Swinging Strike 2-2: Ball 3-2: Grounds into double play, 6-4-3 (Groundball, 6M) | Batting: RHB Sergio Pujols | 0-0: Called Strike 0-1: Swinging Strike 0-2: Ball 1-2: SINGLE (Line Drive, 9LS) | Batting: LHB Kyle Harrison | 0-0: Ball 1-0: Called Strike 1-1: Fly out, F9 (Flyball, 9S) | Top of the 8th over - 0 runs, 1 hit, 0 errors, 1 left on base; St Charles 9 - Greenville 12 | BOTTOM OF THE 8TH |
---|
Greenville 84s batting - Pitching for St Charles Sheens : RHP Irwin Conway | Batting: LHB Brock Larsen | 0-0: Ball 1-0: Ground out 4-3 (Groundball, 4) | Batting: LHB Jimmy Vickers | 0-0: Ball 1-0: Foul Ball, location: 2F 1-1: Ball 2-1: Ball 3-1: Swinging Strike 3-2: Foul Ball, location: 2F 3-2: Foul Ball, location: 2F 3-2: Base on Balls | Batting: RHB Ramiro Chávez | 0-0: Ball 1-0: Fly out, F1 (Popup, P) | Batting: RHB Casey Fox | 0-0: Called Strike 0-1: Fielders Choice at 2nd, 6-4 (Groundball, 6) | Bottom of the 8th over - 0 runs, 0 hits, 0 errors, 1 left on base; St Charles 9 - Greenville 12 | TOP OF THE 9TH |
---|
St Charles Sheens batting - Pitching for Greenville 84s : RHP Curt Howard | Pitching: LHP Francisco Ríos | | Batting: RHB Augusto Trevino | 0-0: Swinging Strike 0-1: Foul Ball, location: 2F 0-2: Strikes out looking | Batting: RHB Mike Martin | 0-0: Ball 1-0: Foul Ball, location: 2F 1-1: Hit by Pitch | Batting: RHB Judson Backstrom | 0-0: Called Strike 0-1: Ball 1-1: Ball 2-1: Swinging Strike 2-2: Strikes out swinging | Pinch Hitting: RHB Shawn Gutiérrez | 0-0: Called Strike 0-1: Called Strike 0-2: Ball 1-2: Foul Ball, location: 2F 1-2: Fly out, F5 (Line Drive, 5) | Top of the 9th over - 0 runs, 0 hits, 0 errors, 1 left on base; St Charles 9 - Greenville 12 | |